 Dungeon Crawl Stone Soup version 0.20.1-1-g8b1a95d66d (webtiles) character file.

93467 HessuHobo the Bludgeoner (level 15, -6/139 HPs)
             Began as a Minotaur Fighter on Nov 18, 2017.
             Was the Champion of the Shining One.
             Mangled by a tentacle (15 damage)
             ... attached to a kraken
             ... on level 3 of the Shoals.
             The game lasted 01:08:12 (28443 turns).

HessuHobo the Bludgeoner (Minotaur Fighter)        Turns: 28443, Time: 01:08:12

Health: -6/139     AC: 21    Str: 25    XL:     15   Next: 60%
Magic:  17/17      EV:  8    Int:  8    God:    the Shining One [******]
Gold:   998        SH: 18    Dex: 10    Spells: 14/14 levels left

rFire    + . .     SeeInvis +   h - +9 whip (flame)
rCold    + . .     Gourm    .   I - +3 shield {rC+}
rNeg     + + +     Faith    +   x - +0 plate armour
rPois    +         Spirit   .   (helmet restricted)
rElec    .         Reflect  .   n - +0 cloak
rCorr    .         Harm     .   c - +0 pair of gloves
MR       +....                  l - +0 pair of boots
Stlth    ..........             w - amulet of faith
Regen    0.4/turn               g - ring of protection from fire
MPRegen  0.2/turn               f - ring "Icakk" {rPois rN+ Int+3 Slay+2 SInv}

@: about to teleport, flying, mesmerised, hasted, glowing, very quick
A: retaliatory headbutt, horns 2, talons 1, clumsy 1
a: Divine Shield, Cleansing Flame, Summon Divine Warrior, Brand Weapon With Holy
Wrath, Renounce Religion


You were on level 3 of the Shoals.
You worshipped the Shining One.
The Shining One was exalted by your worship.
You were not hungry.

You visited 5 branches of the dungeon, and saw 27 of its levels.

You collected 2355 gold pieces.
You spent 1357 gold pieces at shops.

Inventory:

Hand Weapons
 h - a +9 whip of flaming (weapon)
Missiles
 z - 28 tomahawks (quivered)
Armour
 c - a +0 pair of gloves (worn)
 l - a +0 pair of boots (worn)
 n - a +0 cloak (worn)
 x - a +0 plate armour (worn)
 I - a +3 shield of cold resistance (worn)
 L - the +1 ring mail of Insecurity {MR- Dex+7}
   (You found it on level 4 of the Lair of Beasts)

   It affects your dexterity (+7).
   It affects your resistance to hostile enchantments.
Jewellery
 f - the ring "Icakk" (right hand) {rPois rN+ Int+3 Slay+2 SInv}
   (You bought it in a shop on level 2 of the Orcish Mines)

   [ring of slaying]

   It affects your intelligence (+3).
   It affects your accuracy and damage with ranged weapons and melee attacks
   (+2).
   It protects you from poison.
   It protects you from negative energy.
   It lets you see invisible.
 g - a ring of protection from fire (left hand)
 w - an amulet of faith (around neck)
Wands
 a - a wand of digging (14/24)
 b - a wand of digging (15/24)
 s - a wand of digging (9/24)
 t - a wand of acid (8/15)
 R - a wand of polymorph (13/24)
Scrolls
 B - 3 scrolls of enchant weapon
 D - 4 scrolls of teleportation
 F - 6 scrolls of remove curse
 H - 3 scrolls of magic mapping
 K - 5 scrolls of identify
 O - 6 scrolls of recharging
 Y - a scroll of amnesia
Potions
 k - a potion of haste
 p - 3 potions of magic
 v - a potion of ambrosia
 A - 3 potions of resistance
 P - a potion of invisibility
 V - 2 potions of agility
 X - 4 potions of curing
 Z - 2 potions of berserk rage {unknown}
Comestibles
 j - 4 royal jellies
 m - 16 fruits
 r - 8 meat rations


   Skills:
 + Level 14.4 Fighting
 + Level 18.3 Maces & Flails
 - Level 15.0 Armour
 - Level 16.8 Shields
 * Level 4.5 Invocations


You had 14 spell levels left.
You didn't know any spells.

Dungeon Overview and Level Annotations

Branches:
Dungeon (15/15)            Temple (1/1) D:5            Lair (6/6) D:10
 Shoals (3/4) Lair:3        Snake (0/4) Lair:4        Slime (0/5) Lair:6
    Orc (2/2) D:9             Elf (0/3) Orc:2        Vaults (0/5) D:14
 Depths: D:15

Altars:
Ashenzari
Cheibriados
Dithmenos
Elyvilon
Fedhas
Gozag
Hepliaklqana
Kikubaaqudgha
Makhleb
Nemelex Xobeh
Okawaru
Qazlal
Ru
Sif Muna
Trog
Uskayaw
Vehumet
Xom
Yredelemnul
Zin
The Shining One

Shops:
D:4 :   D:6 *?*   D:14 }   D:15 [   Orc:2 (%=?[

Annotations:
Lair:3 exclusion: oklob plant
Lair:4 exclusions: oklob plant, queen bee and 3 more exclusions
Lair:6 3 exclusions
Shoals:2 Polyphemus


Innate Abilities, Weirdness & Mutations

You reflexively headbutt those who attack you in melee.
You have a pair of horns on your head.
You have sharp toenails.
You are clumsy. (Dex -2)


Message History

You fly up into the air.
The tentacle slaps you!
* * * LOW HITPOINT WARNING * * *
You block the tentacle's attack.
The merfolk avatar chants its luring song.
You block the tentacle's attack.
You cannot move away from the merfolk avatar!
You cannot move away from the merfolk avatar!
You cannot move away from the merfolk avatar!
Unknown command.
You are too injured to fight recklessly!
You are too injured to fight recklessly!
Unknown command.
Unknown command.
The tentacle barely misses you. The tentacle closely misses you.
You furiously retaliate!
You headbutt the tentacle! The tentacle slaps you.
* * * LOW HITPOINT WARNING * * *
You block the tentacle's attack. x2
The merfolk avatar chants its luring song.
The tentacle slaps you!
You die...

.≈≈≈≈..≈...........≈≈
....≈≈≈.......≈≈≈≈≈≈≈≈≈≈
≈≈≈...........≈≈≈.≈≈≈≈≈≈
≈≈≈≈.......#..≈≈..≈≈≈≈≈≈
≈≈≈m≈......#..≈≈≈≈≈≈≈≈≈≈
≈≈≈≈≈*Λ.....≈≈≈≈≈≈≈≈≈≈≈≈
≈≈≈≈≈*\\..≈≈≈≈≈≈≈≈≈≈≈≈≈≈
≈≈≈X─.www.≈≈.....≈≈≈≈≈≈≈
≈≈≈..V.@.≈≈≈.###..≈≈≈≈≈≈
......†.≈≈≈.## #..≈≈≈≈≈≈
......≈≈≈≈≈≈.###..≈≈≈≈≈≈
..≈≈≈≈≈≈≈≈≈≈≈......≈≈≈≈≈
.≈≈≈≈≈≈≈≈≈≈.######..≈≈≈≈
≈≈≈≈≈≈≈≈≈≈≈.# ##.≈≈≈≈
≈≈t≈≈≈≈≈≈≈≈.## #..≈≈≈
≈≈≈≈≈≈≈≈≈≈≈..# #..≈≈≈
≈≈≈≈≈≈≈≈≈≈...### ##.≈≈≈≈


You could see a kraken, a merfolk avatar, a snapping turtle (fleeing) and 3
tentacles.

Vanquished Creatures
  Rupert (D:12)
  Roxanne (D:14)
  An orc warlord (Orc:1)
  The ghost of HessuHobo the Carver, a journeyman DrBe of Trog (Lair:4)
  A white draconian (shapeshifter) (D:14)
  Azrael (Orc:2)
  Snorg (Lair:3)
  A merfolk javelineer (Shoals:2)
  Josephine (D:13)
  Erolcha (Orc:1)
  Erica (Lair:1)
  A merfolk avatar (Shoals:1)
  6 hydras
  A centaur warrior (D:11)
  An alligator (Shoals:3)
  An alligator snapping turtle (Shoals:1)
  4 two-headed ogres
  13 death yaks
  A tengu warrior (D:14)
  Sonja (D:13)
  Nergalle (D:10)
  An unseen horror (D:12)
  4 sea snakes
  5 harpies (Shoals:1)
  4 orc knights (Orc:2)
  A deep elf mage (Orc:2)
  2 fauns (Shoals:1)
  5 ugly things
  4 manticores
  An orc sorcerer (Orc:2)
  A centaur zombie (D:13)
  19 elephants
  3 black mambas
  3 merfolk sirens
  2 water nymphs
  A gargoyle (D:10)
  10 spiny frogs
  5 kobold demonologists
  3 rime drakes (Lair:2)
  6 komodo dragons
  A tengu conjurer (D:13)
  A polar bear (Lair:6)
  5 merfolk
  5 meliai
  10 trolls
  A hornet (D:11)
  A wind drake (Shoals:1)
  10 hippogriffs
  2 snapping turtles (Shoals:1)
  5 blink frogs (Lair:3)
  2 slime creatures (D:14)
  3 shadows (D:13)
  4 water elementals
  7 wraiths
  40 yaks
  A yak (shapeshifter) (D:14)
  A wyvern (D:10)
  Grum (D:8)
  3 basilisks
  3 hungry ghosts
  2 fire elementals (Orc:2)
  A warg (Orc:1)
  2 acid dragons
  5 water moccasins
  Duvessa (D:6)
  2 hell hounds (Orc:2)
  11 porcupines
  3 ice beasts
  35 orc warriors
  2 black bears
  19 ogres
  3 sky beasts
  An eye of draining (shapeshifter) (D:14)
  19 centaurs
  2 phantoms
  9 wolves
  15 crocodiles
  The ghost of timpakay the Changer, an amateur OpTm of Cheibriados (D:3)
  5 big kobolds
  Dowan (D:6)
  12 bullfrogs
  3 gnoll sergeants (D:9)
  11 killer bees
  5 scorpions
  A water moccasin skeleton (D:9)
  16 wights
  4 howler monkeys
  3 electric eels
  4 bullfrog zombies
  8 crimson imps
  A quasit (D:11)
  6 hounds
  20 jellies
  10 orc priests
  A bullfrog skeleton (D:12)
  2 centaur skeletons
  14 orc wizards
  12 worker ants
  3 iguanas
  A hound skeleton (D:5)
  2 worker ant zombies
  3 gnolls (D:9)
  12 adders
  A howler monkey skeleton (D:6)
  4 shadow imps
  An ooze (Lair:6)
  2 adder zombies
  2 adder skeletons
  2 worms
  5 dart slugs
  9 leopard geckos
  68 orcs
  4 giant cockroaches
  8 hobgoblins
  5 jackals
  18 kobolds
  4 quokkas
  6 bats
  6 frilled lizards
  12 goblins
  2 leopard gecko skeletons (D:9)
  2 quokka skeletons
  15 rats
696 creatures vanquished.

Vanquished Creatures (others)
  An orc (Orc:2)
  9 fungi
  27 plants
  A tentacle (Shoals:3)
38 creatures vanquished.

Grand Total: 734 creatures vanquished

Notes
Turn   | Place    | Note
-------+----------+-------------------------------------------
     0 | D:1      | HessuHobo the Minotaur Fighter began the quest for the Orb.
     0 | D:1      | Reached XP level 1. HP: 19/19 MP: 0/0
    85 | D:1      | Reached XP level 2. HP: 27/27 MP: 1/1
   276 | D:1      | Reached skill level 3 in Maces & Flails
   373 | D:1      | Reached XP level 3. HP: 33/33 MP: 2/2
  1165 | D:2      | Reached skill level 4 in Maces & Flails
  1165 | D:2      | Reached XP level 4. HP: 39/40 MP: 3/3
  1285 | D:3      | Noticed a hippogriff
  1297 | D:3      | Killed a hippogriff
  1297 | D:3      | Reached skill level 5 in Maces & Flails
  1297 | D:3      | Reached XP level 5. HP: 35/47 MP: 4/4
  1428 | D:3      | Reached XP level 6. HP: 53/53 MP: 5/5
  1447 | D:3      | Reached skill level 6 in Maces & Flails
  1695 | D:3      | Noticed timpakay's ghost (amateur OpTm)
  1705 | D:3      | Killed timpakay's ghost
  1705 | D:3      | Reached skill level 5 in Shields
  2474 | D:4      | Reached skill level 7 in Maces & Flails
  2474 | D:4      | Reached skill level 5 in Armour
  2474 | D:4      | Reached XP level 7. HP: 60/60 MP: 6/6
  2886 | D:4      | Found Oshranacsae's Book Boutique.
  3580 | D:4      | Reached skill level 8 in Maces & Flails
  3645 | D:5      | Entered Level 5 of the Dungeon
  3735 | D:5      | Found a staircase to the Ecumenical Temple.
  3769 | Temple   | Entered the Ecumenical Temple
  3863 | Temple   | Became a worshipper of the Shining One
  3937 | D:5      | Reached XP level 8. HP: 67/67 MP: 7/7
  4062 | D:5      | Reached skill level 9 in Maces & Flails
  4165 | D:5      | Reached skill level 5 in Fighting
  4238 | D:6      | Found Ceimeteubb's Assorted Antiques.
  4262 | D:6      | Reached * piety under the Shining One
  4305 | D:6      | Reached skill level 10 in Maces & Flails
  4564 | D:6      | Reached XP level 9. HP: 37/74 MP: 8/8
  4785 | D:6      | Found Hainwu's Magic Scroll Shoppe.
  4803 | D:6      | Bought a scroll of enchant weapon for 90 gold pieces
  4803 | D:6      | Bought a scroll of identify for 24 gold pieces
  4803 | D:6      | Bought a scroll of teleportation for 36 gold pieces
  4803 | D:6      | Bought a scroll of blinking for 90 gold pieces
  5043 | D:6      | Noticed Duvessa
  5043 | D:6      | Noticed Dowan
  5049 | D:6      | Killed Duvessa
  5052 | D:6      | Killed Dowan
  5061 | D:6      | Found Asyaxt's General Store.
  5624 | D:7      | Reached skill level 11 in Maces & Flails
  5719 | D:7      | Gained mutation: You are clumsy. (Dex -2) [potion of mutation]
  5719 | D:7      | Gained mutation: Scrolls take you a little longer to read. [potion of mutation]
  5719 | D:7      | Lost mutation: Scrolls take you a little longer to read. [potion of mutation]
  5719 | D:7      | Gained mutation: You have sharp toenails. [potion of mutation]
  5808 | D:7      | Found an opulent altar of Gozag.
  6332 | D:8      | Noticed a two-headed ogre
  6333 | D:8      | Reached skill level 12 in Maces & Flails
  6350 | D:8      | Killed a two-headed ogre
  6466 | D:8      | Reached XP level 10. HP: 84/84 MP: 9/9
  6593 | D:8      | Noticed Grum
  6614 | D:8      | Killed Grum
  6889 | D:8      | Reached skill level 13 in Maces & Flails
  7578 | D:8      | Reached ** piety under the Shining One
  7655 | D:9      | Found a staircase to the Orcish Mines.
  8254 | D:9      | Reached *** piety under the Shining One
  8302 | D:9      | Reached skill level 10 in Shields
  8663 | D:9      | Identified the Reference Book on the Compass and the Mountains
  8753 | D:10     | Entered Level 10 of the Dungeon
  8753 | D:10     | Found a staircase to the Lair.
  8759 | D:10     | Reached XP level 11. HP: 90/95 MP: 10/10
  8908 | D:10     | Noticed a two-headed ogre
  8918 | D:10     | Killed a two-headed ogre
  9134 | D:10     | Noticed Nergalle
  9148 | D:10     | Killed Nergalle
  9148 | D:10     | Reached skill level 14 in Maces & Flails
  9836 | D:11     | Reached **** piety under the Shining One
  9845 | D:11     | Reached skill level 10 in Armour
  9848 | D:11     | Noticed a sixfirhy
  9870 | D:11     | Noticed a soul eater
 10220 | D:11     | Found a labyrinth entrance.
 10562 | D:11     | Noticed a purple ugly thing
 10567 | D:11     | Noticed a two-headed ogre
 10574 | D:11     | Killed a purple ugly thing
 10581 | D:11     | Killed a two-headed ogre
 10619 | D:11     | Reached skill level 15 in Maces & Flails
 11001 | D:11     | Noticed a centaur warrior
 11008 | D:11     | Killed a centaur warrior
 11008 | D:11     | Reached XP level 12. HP: 100/105 MP: 11/11
 11244 | D:12     | Noticed a five-headed hydra
 11276 | D:12     | Killed a five-headed hydra
 11276 | D:12     | Reached skill level 10 in Fighting
 11387 | D:12     | Noticed Rupert
 11408 | D:12     | Killed Rupert
 11850 | D:13     | Noticed a two-headed ogre
 11862 | D:13     | Killed a two-headed ogre
 11988 | D:13     | Noticed Sonja
 12016 | D:13     | Killed Sonja
 12696 | D:13     | Reached ***** piety under the Shining One
 12736 | D:13     | Noticed Josephine
 12760 | D:13     | Killed Josephine
 12760 | D:13     | Reached skill level 1 in Invocations
 13009 | D:14     | Found a basalt altar of Yredelemnul.
 13071 | D:14     | Noticed a five-headed hydra
 13077 | D:14     | Killed a five-headed hydra
 13077 | D:14     | Reached XP level 13. HP: 76/115 MP: 8/12
 13268 | D:14     | Noticed Roxanne
 13437 | D:14     | Noticed a spark wasp
 13437 | D:14     | an anaconda changed into a spark wasp
 13440 | D:14     | a spark wasp changed into an alligator
 13447 | D:14     | Noticed an entropy weaver
 13454 | D:14     | Noticed a storm dragon
 13454 | D:14     | a catoblepas changed into a storm dragon
 13459 | D:14     | a storm dragon changed into a death yak
 13461 | D:14     | Noticed a dire elephant
 13461 | D:14     | a death yak changed into a dire elephant
 13467 | D:14     | Noticed a white draconian
 13467 | D:14     | a dire elephant changed into a white draconian
 13474 | D:14     | Killed a white draconian
 13474 | D:14     | Reached skill level 16 in Maces & Flails
 13720 | D:14     | Found a gate to the Vaults.
 13921 | D:14     | Found Vaboqysch's Gadget Shop.
 14615 | D:14     | Killed Roxanne
 14829 | D:15     | Entered Level 15 of the Dungeon
 14844 | D:15     | Found Geolet's Antique Armour Boutique.
 14856 | D:15     | Bought a runed shield for 180 gold pieces
 15533 | Lair:1   | Entered Level 1 of the Lair of Beasts
 15618 | Lair:1   | Noticed Erica
 15628 | Lair:1   | Killed Erica
 16924 | Lair:2   | Found a frozen archway.
 18090 | Lair:3   | Reached skill level 15 in Shields
 18104 | Lair:3   | Reached XP level 14. HP: 80/125 MP: 9/14
 18498 | Lair:3   | Noticed Snorg
 18506 | Lair:3   | Killed Snorg
 18575 | Lair:3   | Found a staircase to the Shoals.
 19099 | Lair:4   | Noticed HessuHobo's ghost (journeyman DrBe)
 19154 | Lair:4   | Killed HessuHobo's ghost
 19190 | Lair:4   | Reached skill level 17 in Maces & Flails
 19724 | Lair:4   | Got an encrusted ring mail
 19773 | Lair:4   | Found a staircase to the Snake Pit.
 19850 | Lair:4   | Found a dark tunnel.
 20432 | Lair:5   | Identified the +1 ring mail of Insecurity {MR- Dex+7} (You found it on level 4 of the Lair of Beasts)
 21439 | Lair:6   | Entered Level 6 of the Lair of Beasts
 22196 | Lair:6   | Found a staircase to the Slime Pits.
 23189 | Orc:1    | Entered Level 1 of the Orcish Mines
 23459 | Orc:2    | Entered Level 2 of the Orcish Mines
 23466 | Orc:2    | Noticed Erolcha
 23487 | Orc:1    | Killed Erolcha
 23487 | Orc:1    | Reached XP level 15. HP: 109/134 MP: 15/15
 23920 | Orc:2    | Reached ****** piety under the Shining One
 23922 | Orc:2    | Noticed Azrael
 23955 | Orc:2    | Killed Azrael
 23955 | Orc:2    | Reached skill level 15 in Armour
 24221 | Orc:2    | Found a staircase to the Elven Halls.
 24258 | Orc:2    | Found a radiant altar of Vehumet.
 24494 | Orc:2    | Found Lyevam's Armour Boutique.
 24500 | Orc:2    | Noticed an orc warlord
 25048 | Orc:1    | Killed an orc warlord
 25173 | Orc:2    | Bought a +0 pair of gloves for 45 gold pieces
 25309 | Orc:2    | Found Xaku's Jewellery Shop.
 25309 | Orc:2    | Found Maliamn's Food Emporium.
 25311 | Orc:2    | Found Gimp's Weapon Shoppe.
 25313 | Orc:2    | Found Wuyw's Magic Scroll Boutique.
 25325 | Orc:2    | Bought a scroll of teleportation for 48 gold pieces
 25327 | Orc:2    | Bought the ring "Icakk" {rPois rN+ Int+3 Slay+2 SInv} for 844 gold pieces
 25606 | Shoals:1 | Entered Level 1 of the Shoals
 25737 | Shoals:1 | Reached skill level 18 in Maces & Flails
 27933 | Shoals:2 | Noticed Polyphemus
 28422 | Shoals:3 | Noticed a kraken
 28443 | Shoals:3 | Mangled by a tentacle

Skill      XL: |  1  2  3  4  5  6  7  8  9 10 11 12 13 14 15 |
---------------+----------------------------------------------+-----
Shields        | 4 5 6 7 8 10 11 13 15 16 | 16.8
Maces & Flails | 3 4 5 7 8 10 12 13 15 16 17 18 | 18.3
Fighting       | 4 5 6 8 9 10 11 12 14 | 14.4
Armour         | 4 5 6 7 8 9 10 12 13 14 15 | 15.0
Invocations    | 1 2 4 |  4.5

Action                   |  1- 3 |  4- 6 |  7- 9 | 10-12 | 13-15 || total
-------------------------+-------+-------+-------+-------+-------++-------
Melee: Flail             |    36 |       |       |       |       ||    36
       Headbutt          |    15 |    13 |    41 |   132 |   432 ||   633
       Whip              |    60 |    84 |   273 |   708 |  1653 ||  2778
Throw: Stone             |       |     4 |       |       |       ||     4
       Tomahawk          |       |       |     6 |     6 |       ||    12
Invok: Divine Shield     |       |       |       |     3 |    13 ||    16
  Use: Scroll            |     4 |     5 |     5 |     8 |    21 ||    43
       Potion            |       |     1 |    11 |     5 |    14 ||    31
  Eat: Bread ration      |       |     2 |     1 |     7 |     8 ||    18
       Chunk             |       |       |     4 |     1 |     4 ||     9
       Royal jelly       |       |       |       |       |     4 ||     4
Armor: Scale mail        |    46 |    23 |     9 |       |       ||    78
       Ring mail         |       |       |    45 |    28 |       ||    73
       Plate armour      |       |       |       |   160 |   435 ||   595
Dodge: Dodged            |    25 |    16 |    42 |    93 |   234 ||   410
Block: Shield            |    32 |    32 |    95 |   287 |  1156 ||  1602
